AoeStats
← Schmalu6755

Black Forest

505726839Analyzed
2v2 RM · 20d ago on Sep 10, 2026· 79m 40s· 4 players
Game mode
Random Map
Map size
Medium (4 player)
Population
200
Speed
Normal
Resources
Standard
Victory
Conquest
Starting age
Dark Age
Ending age
Imperial Age
RankedLock teamsTeams togetherTeam positionsShared explorationLock speedFull tech treeHidden civsTurbo modeCheats
Victory
Defeat
🇩🇪 Spanish · Germany
860
+17
🇩🇪 Turks · Germany
854
+17
🇬🇧 Goths · United Kingdom
912
-18
🇹🇷 Britons · Türkiye
850
-16
BlatantApollo25
14:41 Feudal Age
18:46 Castle Age
16:54 Double-Bit Axe
20:14 Loom
23:25 Imperial Age
24:27 Padded Archer Armor
26:58 Bow Saw
27:12 Gold Mining
34:01 Two-Man Saw
34:19 Leather Archer Armor
43:08 Wheelbarrow
48:19 Hand Cart
48:41 Gold Shaft Mining
47:53 Horse Collar
51:00 Conscription
52:06 Bloodlines
51:58 Stone Mining
52:34 Husbandry
53:51 Murder Holes
54:18 Ballistics
54:12 Town Watch
58:20 Masonry
61:12 Fortified Wall
66:07 Hoardings
66:08 Architecture
73:44 Fletching
74:30 Bodkin Arrow
75:32 Forging
75:28 Scale Barding Armor
76:24 Bracer
77:35 Scale Barding Armor
78:06 Iron Casting
Schmalu6755
13:03 Feudal Age
18:05 Castle Age
20:47 Wheelbarrow
19:59 Loom
25:04 Hand Cart
24:44 Double-Bit Axe
28:11 Husbandry
28:21 Bloodlines
30:46 Stone Mining
30:47 Gold Mining
32:33 Bow Saw
33:22 Padded Archer Armor
33:32 Forging
33:28 Scale Barding Armor
37:24 Imperial Age
38:31 Cavalier
40:39 Iron Casting
40:25 Chain Barding Armor
40:20 Leather Archer Armor
48:09 Blast Furnace
47:44 Plate Barding Armor
47:40 Ring Archer Armor
50:14 Paladin
54:17 Ballistics
53:53 Murder Holes
63:05 Pikeman
63:42 Halberdier
76:07 Two-Man Saw
s1na136
2:32 Loom
11:55 Feudal Age
13:28 Wheelbarrow
12:44 Double-Bit Axe
12:42 Horse Collar
18:16 Gold Mining
20:29 Castle Age
19:00 Stone Mining
19:44 Forging
22:11 Bow Saw
22:05 Heavy Plow
22:07 Town Watch
25:40 Hand Cart
29:08 Town Patrol
29:23 Scale Barding Armor
29:55 Iron Casting
29:26 Husbandry
29:56 Pikeman
31:09 Chain Barding Armor
31:33 Gold Shaft Mining
34:16 Squires
37:40 Imperial Age
37:37 Scale Mail Armor
39:24 Blast Furnace
38:47 Conscription
37:56 Halberdier
41:44 Two-Man Saw
42:52 Plate Barding Armor
44:05 Chemistry
44:39 Fletching
46:43 Cavalier
51:31 Chain Mail Armor
51:14 Bodkin Arrow
52:43 Arson
53:31 Plate Mail Armor
64:01 Bracer
64:01 Padded Archer Armor
64:54 Yeomen
67:25 Elite Skirmisher
69:22 Ballistics
69:13 Masonry
69:10 Siege Engineers
Arturis
0:31 Loom
14:23 Feudal Age
19:10 Castle Age
17:35 Double-Bit Axe
18:05 Stone Mining
19:56 Horse Collar
23:36 Wheelbarrow
25:57 Man-at-Arms
29:27 Gold Mining
29:36 Man-at-Arms
33:30 Long Swordsman
36:35 Bow Saw
37:15 Bloodlines
39:08 Scale Barding Armor
39:14 Forging
40:02 Elite Skirmisher
45:53 Scale Mail Armor
Connection lost

Rejoining the realm…

Still unreachable

The connection could not be restored.

Session expired

The server has moved on; the page needs a fresh start.